 Dungeon Crawl Stone Soup version 0.30-a0-596-g0af90f9a20 (webtiles) character file.

Game seed: 13082609033183765693

1835 bmack86 the Fighter (level 8, -6/70 (74) HPs)
             Began as a Minotaur Fighter on Jan 6, 2023.
             Mangled by a troll (7 damage)
             ... on level 7 of the Dungeon.
             The game lasted 00:14:44 (5425 turns).

bmack86 the Fighter (Minotaur Fighter)              Turns: 5425, Time: 00:14:44

HP:   -6/70 (74)    AC: 13    Str: 23    XL:     8   Next: 87%
MP:   7/7           EV: 12    Int:  5    God:
Gold: 337           SH:  5    Dex: 10    Spells: 7/7 levels left

rFire   . . .      SeeInvis +    a - +1 war axe
rCold   . . .      Faith    .    c - +0 buckler
rNeg    . . .      Spirit   .    l - +0 chain mail
rPois   .          Reflect  .    (helmet restricted)
rElec   .          Harm     .    t - +2 cloak
rCorr   .          Rampage  .    (no gloves)
Will    .....                    (no boots) Stlth
                                 B - amulet of magic regeneration
HPRegen 0.31/turn                u - ring of see invisible
MPRegen 0.50/turn                f - +5 ring of evasion

@: mighty, drained
A: horns 2, retaliatory headbutt
a: no special abilities


You were on level 7 of the Dungeon.
You visited 1 branch of the dungeon, and saw 7 of its levels.

You collected 395 gold pieces.
You spent 58 gold pieces at shops.

Inventory:

Hand Weapons
 a - a +1 war axe (weapon)
Missiles
 e - 6 silver javelins
 k - 14 poisoned darts
 m - 6 boomerangs (quivered)
Armour
 b - a +0 scale mail
 c - a +0 buckler (worn)
 l - a +0 chain mail (worn)
 t - a +2 cloak (worn)
Jewellery
 f - a +5 ring of evasion (right hand)
 j - a ring of ice
 u - a ring of see invisible (left hand)
 w - a ring of poison resistance
 B - an amulet of magic regeneration (around neck)
Scrolls
 n - 5 scrolls of poison
 o - a scroll of vulnerability {unknown}
 p - a scroll of enchant weapon
 q - 5 scrolls of teleportation
 v - a scroll of fog
 y - 2 scrolls of identify
 z - a scroll of summoning
 C - a scroll of blinking {unknown}
 D - a scroll of magic mapping {unknown}
Potions
 g - a potion of attraction
 h - 3 potions of heal wounds
 i - 4 potions of curing
 r - a potion of cancellation {unknown}
 s - 2 potions of mutation
 x - a potion of magic {unknown}
 A - a potion of degeneration {unknown}
 E - 2 potions of resistance {unknown}


   Skills:
 * Level 8.2 Fighting
 * Level 7.8 Axes
 + Level 4.0 Throwing
 + Level 6.3 Armour
 + Level 6.3 Shields


You had 7 spell levels left.
You didn't know any spells.
Your spell library contained the following spells:

 Spells                   Type           Power      Damage    Failure   Level
 Summon Small Mammal      Summ           0%         N/A       99%         1
 Call Canine Familiar     Summ           0%         N/A       100%        3
 Ignite Poison            Fire/Tmut/Pois 0%         N/A       100%        3
 Inner Flame              Hex/Fire       0%         N/A       100%        3
 Kindle Blastsparks       Fire/Tloc/Air  0%         2d10      100%        3
 Summon Guardian Golem    Hex/Summ       0%         N/A       100%        3
 Cause Fear               Hex            0%         N/A       100%        4
 Blade Hands              Tmut           0%         N/A       100%        5
 Freezing Cloud           Conj/Ice/Air   0%         6-21      100%        5
 Irradiate                Conj/Tmut      0%         3d11      100%        5
 Dragon Form              Tmut           0%         N/A       100%        7
 Malign Gateway           Summ/Tloc      0%         N/A       100%        7
 Discord                  Hex            0%         N/A       100%        8
 Summon Horrible Things   Summ           0%         N/A       100%        8


Dungeon Overview and Level Annotations

Branches:
Dungeon (7/15)
 Temple: D:4-7

Altars:
Cheibriados
Dithmenos
Vehumet
Yredelemnul
The Shining One

Shops:
D:1 (   D:4 *

Annotations:
D:3 2 transporters, Heh's ghost, weakling OpVM


Innate Abilities, Weirdness & Mutations

You have a pair of horns on your head.
You reflexively headbutt those who attack you in melee.


Message History

You climb downwards.
The troll shouts!
Found five items.
There is a stone staircase leading up here.
You feel very mighty all of a sudden. The wight misses you.
You furiously retaliate!
You headbutt the wight!
The wight hits you from afar with a +0 halberd!
The wight hits you with a +3 scimitar of freezing!
The wight freezes you.
You slash the wight!
You destroy the wight!
You barely miss the wight. You slash the bullfrog!
You block the bullfrog's attack. The bullfrog barely misses you.
You block the wight's attack.
The wight hits you with a +3 scimitar of freezing!
The wight freezes you.
You slash the troll! You headbutt the troll!
The troll is almost dead.
You slash the wight! You barely miss the bullfrog.
The bullfrog closely misses you. You block the wight's attack.
The wight hits you with a +3 scimitar of freezing!
You feel drained. The wight freezes you.
The troll bites you but does no damage. The troll claws you.
The troll claws you!
* * * LOW HITPOINT WARNING * * *
The bullfrog closely misses you.
You barely miss the troll.
The troll is almost dead.
You closely miss the wight. You hit the bullfrog.
The bullfrog hits you but does no damage.
The wight hits you but does no damage.
The wight hits you with a +3 scimitar of freezing!
* * * LOW HITPOINT WARNING * * *
You feel drained.
* * * LOW HITPOINT WARNING * * *
The wight freezes you.
* * * LOW HITPOINT WARNING * * *
The troll closely misses you. You block the troll's attack.
The troll claws you!
You die...

# ####
###.###....##
#...#[#.....
##.###.###.#..
.(#⌠z..⌠#..
###.zT.!###
#./.F@...[#
###.....###
..#⌠...⌠#..
##.###.###....
#....#.#.....#
#.#..###.....#
..... .....
.#### ....#


You could see a troll, a bullfrog and 2 wights.

Vanquished Creatures
  Eustachio (D:5)
  Menkaure (D:5)
  A water moccasin (D:6)
  2 ice beasts (D:5)
  A black bear (D:6)
  2 phantoms (D:6)
  A kobold brigand (D:6)
  3 bullfrogs (D:6)
  A scorpion (D:5)
  A wight (D:7)
  2 howler monkeys (D:5)
  An orc priest (D:6)
  2 hounds
  A jelly (D:6)
  A gnoll bouda (D:6)
  2 iguanas
  3 orc wizards (D:6)
  5 gnolls
  9 adders
  An ufetubus (D:5)
  2 worms
  11 orcs
  7 endoplasms
  8 giant cockroaches
  6 hobgoblins
  6 quokkas
  10 ball pythons
  7 bats
  5 frilled lizards
  6 goblins
  18 kobolds
  5 rats
132 creatures vanquished.

Vanquished Creatures (collateral kills)
  An ogre (D:5)
  An orc (D:5)
2 creatures vanquished.

Vanquished Creatures (others)
  A plant (D:1)
1 creature vanquished.

Grand Total: 135 creatures vanquished

Notes
Turn   | Place    | Note
-------+----------+-------------------------------------------
     0 | D:1      | bmack86 the Minotaur Fighter began the quest for the Orb.
     0 | D:1      | Reached XP level 1. HP: 19/19 MP: 0/0
   242 | D:1      | Reached XP level 2. HP: 24/27 MP: 1/1
   371 | D:1      | Reached skill level 4 in Fighting
   431 | D:1      | Found Jyeqor's Antique Weapon Boutique.
   652 | D:2      | Reached XP level 3. HP: 33/33 MP: 2/2
   797 | D:2      | Reached skill level 1 in Throwing
  1268 | D:2      | Reached XP level 4. HP: 41/41 MP: 3/3
  1524 | D:3      | Found a transporter.
  1527 | D:3      | Found a transporter.
  1528 | D:3      | Noticed Heh's ghost (weakling OpVM)
  1531 | D:3      | Noticed a necrophage
  1739 | D:3      | Found a glowing golden altar of the Shining One.
  2547 | D:4      | Found a basalt altar of Yredelemnul.
  2554 | D:4      | Found a snail-covered altar of Cheibriados.
  2566 | D:4      | Found a shadowy altar of Dithmenos.
  2778 | D:4      | Reached XP level 5. HP: 47/47 MP: 4/4
  2939 | D:4      | Found Luggihet's Neck Hole.
  2974 | D:4      | Bought a +0 cloak for 58 gold pieces
  3328 | D:5      | Entered Level 5 of the Dungeon
  3418 | D:5      | Noticed an ice beast
  3425 | D:5      | Reached skill level 5 in Fighting
  3425 | D:5      | Killed an ice beast
  3426 | D:5      | Reached XP level 6. HP: 38/56 MP: 5/5
  3592 | D:5      | Reached skill level 5 in Axes
  3649 | D:5      | Noticed Eustachio
  3658 | D:5      | Killed Eustachio
  3659 | D:5      | Reached skill level 6 in Fighting
  3659 | D:5      | Reached skill level 5 in Armour
  3659 | D:5      | Reached skill level 5 in Shields
  3659 | D:5      | Reached XP level 7. HP: 53/63 MP: 6/6
  3733 | D:5      | Noticed Menkaure
  3744 | D:5      | Killed Menkaure
  4337 | D:5      | Found a radiant altar of Vehumet.
  4393 | D:6      | Reached XP level 8. HP: 69/71 MP: 7/7
  4402 | D:6      | Reached skill level 7 in Fighting
  4952 | D:6      | Reached skill level 8 in Fighting
  5421 | D:7      | Noticed a troll
  5425 | D:7      | HP: 1/70 [wight/+3 scimitar of freezing (3)]
  5425 | D:7      | Mangled by a troll

Illustrated notes

Levels and vault maps discovered:
D:1:      denvon_arrival_planthouse, layout_basic, serial_shops, shop
D:2:      layout_basic
D:3:      minmay_recursive_quarters, layout_basic, mainiacjoe_overflow_chevrons,
          gammafunk_ghost_mausoleum, minmay_ruptured
D:4:      layout_basic, minmay_overflow_temple_star_quad,
          nicolae_shop_sticking_my_neck_out
D:5:      layout_basic, kennysheep_mini, hangedman_decor_growths,
          uniq_eustachio, uniq_menkaure
D:6:      layout_basic, minmay_puff
D:7:      layout_basic, minmay_temple_entry_statues_fountains,
          nicolae_fountain_basement

Skill      XL: |  1  2  3  4  5  6  7  8 |
---------------+-------------------------+-----
Fighting       | 4 5 6 8 |  8.2
Axes           | 3 4 5 6 7 |  7.8
Throwing       | 1 2 3 4 |  4.0
Armour         | 4 5 6 |  6.3
Shields        | 4 5 6 |  6.3

Action                   |  1- 3 |  4- 6 |  7- 9 || total
-------------------------+-------+-------+-------++-------
Melee: War axe           |    90 |    81 |    89 ||   260
       Headbutt          |     7 |     6 |    17 ||    30
Throw: Boomerang         |       |    34 |    23 ||    57
  Use: Scroll            |     3 |     8 |     4 ||    15
       Potion            |       |       |     1 ||     1
Armor: Scale mail        |    41 |    20 |       ||    61
       Chain mail        |       |    37 |    46 ||    83
Dodge: Dodged            |    50 |    63 |    55 ||   168
Block: Buckler           |    29 |    32 |    29 ||    90

Table legend: (Time is in decaauts)
 A = Elapsed time spent in this place.
 B = Non-inter-level travel time spent in this place.
 C = Inter-level travel time spent in this place.
 D = Time resting spent in this place.
 E = Time spent auto-exploring this place.
 F = Levels seen in this place.
 G = Mean time per level.
                   A        B        C        D        E       F      G
               +--------+--------+--------+--------+--------+-----+--------+
         Total |   5512 |   5365 |    147 |      0 |   3797 |   7 |  787.4 |
       Dungeon |   5512 |   5365 |    147 |      0 |   3797 |   7 |  787.4 |
               +--------+--------+--------+--------+--------+-----+--------+

Top non-repeatable levels by time:
     D:6: 1067 daAuts
     D:5: 1055 daAuts
     D:3: 1041 daAuts
     D:4: 917 daAuts
     D:2: 845 daAuts
     D:1: 581 daAuts
     D:7: 4 daAuts
